 Dungeon Crawl Stone Soup version 0.27.1-34-g3ba077fa99 (webtiles) character file.

Game seed: 4930062667958960546

278 boopmooplesden the Shield-Bearer (level 6, 0/53 HPs)
             Began as a Minotaur Fighter on Jan 2, 2022.
             Was an Initiate of Okawaru.
             Slain by a water moccasin skeleton (1 damage)
             ... on level 5 of the Dungeon.
             The game lasted 00:04:09 (3166 turns).

boopmooplesden the Shield-Bearer (Minotaur Fighter) Turns: 3166, Time: 00:04:10

Health: 0/53       AC: 11    Str: 22    XL:     6   Next: 5%
Magic:  5/5        EV:  8    Int:  5    God:    Okawaru [......]
Gold:   191        SH: 10    Dex: 10    Spells: 5/5 levels left

rFire    . . .     SeeInvis .   a - +0 war axe
rCold    + . .     Faith    .   c - +0 kite shield
rNeg     . . .     Spirit   .   b - +0 scale mail
rPois    .         Reflect  .   (helmet restricted)
rElec    .         Harm     .   p - +2 cloak
rCorr    .         Rampage  .   (no gloves)
Will     .....                  k - +0 pair of boots
Stlth    ..........             (no amulet)
HPRegen  0.17/turn              l - ring of protection from cold
MPRegen  0.09/turn              (no ring)

@: no status effects
A: horns 2, retaliatory headbutt
a: Renounce Religion


You were on level 5 of the Dungeon.
You worshipped Okawaru.
Okawaru was noncommittal.
You visited 2 branches of the dungeon, and saw 6 of its levels.

You collected 191 gold pieces.

Inventory:

Hand Weapons
 a - a +0 war axe (weapon)
Missiles
 h - 18 poisoned darts (quivered)
Armour
 b - a +0 scale mail (worn)
 c - a +0 kite shield (worn)
 k - a +0 pair of boots (worn)
 p - a +2 cloak (worn)
Jewellery
 l - a ring of protection from cold (left hand)
Wands
 m - a wand of charming (9)
 x - a wand of acid (10)
Scrolls
 o - 3 scrolls of identify
Potions
 d - a potion of might
 e - a potion of flight {unknown}
 f - 2 potions of degeneration {unknown}
 g - a potion of resistance {unknown}
 i - a potion of magic
 j - a potion of heal wounds {unknown}
 q - a potion of lignification {unknown}
 r - a potion of ambrosia {unknown}
 s - a potion of mutation {unknown}
 v - a potion of brilliance {unknown}
 z - a potion of haste {unknown}
 A - a potion of invisibility {unknown}


   Skills:
 + Level 4.5 Fighting
 + Level 4.7 Axes
 + Level 5.0 Armour
 + Level 1.3 Dodging
 + Level 0.3 Stealth
 + Level 5.0 Shields


You had 5 spell levels left.
You didn't know any spells.
Your spell library was empty.

Dungeon Overview and Level Annotations

Branches:
Dungeon (5/15)             Temple (1/1) D:4

Altars:
Ashenzari
Dithmenos
Fedhas
Gozag
Nemelex Xobeh
Okawaru
Uskayaw
Wu Jian


Innate Abilities, Weirdness & Mutations

You have a pair of horns on your head.
You reflexively headbutt those who attack you in melee.


Message History

You feel stronger.
There is an escape hatch in the floor here.
There is a stone staircase leading up here.
As you read the scroll of teleportation, it crumbles to dust.
You feel strangely unstable. The iguana closely misses you.
Your surroundings suddenly seem different.
A water moccasin skeleton comes into view.
Found a stone staircase leading down.
You feel your willpower return.
There is a stone staircase leading down here.
You hit the water moccasin skeleton.
The water moccasin skeleton is lightly damaged.
You block the water moccasin skeleton's attack.
You hit the water moccasin skeleton.
Your headbutt misses the water moccasin skeleton.
The water moccasin skeleton is moderately damaged.
The water moccasin skeleton closely misses you.
The water moccasin skeleton bites you but does no damage.
You hit the water moccasin skeleton.
The water moccasin skeleton is moderately damaged.
You block the water moccasin skeleton's attack.
The water moccasin skeleton barely misses you.
You hit the water moccasin skeleton but do no damage.
The water moccasin skeleton is moderately damaged.
The water moccasin skeleton bites you but does no damage.
You block the water moccasin skeleton's attack.
You hit the water moccasin skeleton but do no damage.
The water moccasin skeleton is moderately damaged.
The water moccasin skeleton bites you.
* * * LOW HITPOINT WARNING * * *
The water moccasin skeleton bites you but does no damage.
You hit the water moccasin skeleton.
The water moccasin skeleton is heavily damaged.
The water moccasin skeleton bites you.
* * * LOW HITPOINT WARNING * * *
You hit the water moccasin skeleton.
The water moccasin skeleton is severely damaged.
You block the water moccasin skeleton's attack.
The water moccasin skeleton bites you.
You die...

.... ###.
#...##.. #.......
#......##
#.......#####
..#.......##..###
..............Z@#
...........>...##
..............##
..##........###
#.##..^### #.
#.... . ....... #
.......##
.###....


You could see a water moccasin skeleton.

Vanquished Creatures
  An ogre (D:5)
  An iguana (D:4)
  5 gnolls
  6 adders
  An ufetubus (D:4)
  A worm (D:2)
  An orc (D:4)
  7 endoplasms
  4 giant cockroaches
  3 goblins
  9 hobgoblins
  A kobold (D:3)
  A quokka (D:1)
  7 ball pythons
  8 bats
  A frilled lizard (D:2)
  9 rats
66 creatures vanquished.

Notes
Turn   | Place    | Note
-------+----------+-------------------------------------------
     0 | D:1      | boopmooplesden the Minotaur Fighter began the quest for the
                  | Orb.
     0 | D:1      | Reached XP level 1. HP: 19/19 MP: 0/0
    84 | D:1      | Reached XP level 2. HP: 15/27 MP: 1/1
   373 | D:1      | Found a faded altar of an unknown god.
   746 | D:1      | Reached XP level 3. HP: 32/33 MP: 2/2
  1248 | D:2      | You fall into a shaft and drop 1 floor!
  1372 | D:2      | Reached XP level 4. HP: 31/40 MP: 3/3
  2080 | D:3      | Reached skill level 1 in Dodging
  2292 | D:4      | Reached XP level 5. HP: 46/46 MP: 4/4
  2874 | D:4      | Found a staircase to the Ecumenical Temple.
  2964 | Temple   | Entered the Ecumenical Temple
  2969 | Temple   | Became a worshipper of Warmaster Okawaru
  3133 | D:5      | Entered Level 5 of the Dungeon
  3138 | D:5      | Noticed an ogre
  3144 | D:5      | Killed an ogre
  3145 | D:5      | Reached skill level 5 in Armour
  3145 | D:5      | Reached skill level 5 in Shields
  3145 | D:5      | Reached XP level 6. HP: 5/53 MP: 5/5
  3165 | D:5      | HP: 1/53 [water moccasin skeleton (2)]
  3166 | D:5      | Slain by a water moccasin skeleton

Illustrated notes

Levels and vault maps discovered:
D:1:      lightli_iron_boxes, layout_loops_ring,
          hellmonk_ecumenical_altar_slurped_away, minmay_tetromino_l2
D:2:      layout_basic
D:3:      layout_rooms, chequers_arboretum, minmay_misc_feat_doors
D:4:      layout_loops_ring, minmay_temple_entry_statues_pillars,
          kennysheep_pointless_box, skrybe_limestone_x
D:5:      wad_pebble_path, layout_cave_pools, nicolae_yredelemnul_ghost_church,
          chequers_serial_rivers_large_b, uniq_eustachio
Temple:   cyrus_circular_temple

Skill      XL: |  1  2  3  4  5 |
---------------+----------------+-----
Fighting       | 4 |  4.5
Armour         | 4 5 |  5.0
Shields        | 4 5 |  5.0
Axes           | 3 4 |  4.7
Dodging        | 1 |  1.3
Stealth        | |  0.3

Action                   |  1- 3 |  4- 6 || total
-------------------------+-------+-------++-------
Melee: War axe           |    79 |    91 ||   170
       Headbutt          |     8 |    11 ||    19
  Use: Scroll            |     1 |     7 ||     8
Armor: Scale mail        |    49 |    44 ||    93
Dodge: Dodged            |    27 |    30 ||    57
Block: Kite shield       |    51 |    60 ||   111
